 Dungeon Crawl Stone Soup version 0.28-a0-872-g80cf8599ee (webtiles) character file.

Game seed: 6131035403446865909

63 sanka the Chopper (level 3, 0/31 HPs)
             Began as a Palentonga Monk on Nov 20, 2021.
             Slain by Grinder (3 damage)
             ... while paralysed by Ijyb
             ... on level 3 of the Dungeon.
             The game lasted 00:02:07 (2390 turns).

sanka the Chopper (Palentonga Monk)                 Turns: 2390, Time: 00:02:07

Health: 0/31       AC:  4    Str: 15    XL:     3   Next: 89%
Magic:  3/3        EV:  1    Int: 10    God:
Gold:   121        SH:  0    Dex: 12    Spells: 2/2 levels left

rFire   . . .      SeeInvis +   k - +1 whip (elec)
rCold   . . .      Faith    +   (no shield)
rNeg    . . .      Spirit   .   b - +0 robe
rPois   .          Reflect  .   (no helmet)
rElec   .          Harm     .   (no cloak)
rCorr   .          Rampage  .   (no gloves)
Will    .....                   (no barding)
Stlth   ++........              f - amulet of faith
HPRegen 0.10/turn               (no ring)
MPRegen 0.08/turn               (no ring)

@: paralysed
A: large, rugged brown scales 3, see invisible, deformed body, roll 1, armoured
tail
a: Rolling Charge


You were on level 3 of the Dungeon.
You visited 1 branch of the dungeon, and saw 3 of its levels.

You collected 121 gold pieces.


Innate Abilities, Weirdness & Mutations

You are completely covered in rugged brown scales. (AC +3, +7% HP)
You have supernaturally acute eyesight. (SInv)
Armour fits poorly on your strangely shaped body.
You can roll at nearby foes to attack.
You have a long armoured tail.


   Skills:
 + Level 3.0 Fighting
 + Level 4.8 Axes
 - Level 2.4 Dodging
 - Level 1.2 Stealth


You had 2 spell levels left.
You didn't know any spells.
Your spell library contained the following spells:

 Spells                   Type           Power      Damage    Failure   Level
 Corpse Rot               Necr/Air       0%         N/A       50%         2
 Dispel Undead            Necr           0%         3d6       98%         4
 Death Channel            Necr           0%         N/A       100%        6

Inventory:

Hand Weapons
 a - a +0 hand axe
 k - a +1 whip of electrocution (weapon)
Armour
 b - a +0 robe (worn)
Magical Staves
 d - a staff of conjuration {!a}
Jewellery
 f - an amulet of faith (around neck)
Scrolls
 c - 2 scrolls of enchant weapon {unknown}
 g - a scroll of identify {unknown}
 j - a scroll of teleportation {unknown}
Potions
 e - 2 potions of lignification {unknown}
 h - a potion of might {unknown}
 i - a potion of curing {unknown}

Dungeon Overview and Level Annotations

Branches:
Dungeon (3/15)

Altars:

Annotations:
D:3 Grinder, Ijyb, Sigmund

. .. .▒. ▒.▒▒▒▒▒▒
▒▒▒▒▒.▒▒<..▒
▒......▒▒▒.▒ ▒......▒
▒.▒ ▒...†..▒▒▒.▒▒.▒▒▒l
▒5H...............
........▒▒.▒.......▒▒▒.
........▒▒.▒.......▒
........▒▒.+.......▒
...g....▒▒▒▒...▒...▒
........▒ ▒...▒▒▒▒▒
.J......▒ ▒▒▒..
........▒ ▒.▒▒


You could see Grinder, Ijyb and an endoplasm.


Message History

Aim: Grinder You roll forward with a clatter of scales!
You closely miss Grinder.
You hear a shout!
Grinder barely misses you.
You closely miss Grinder.
Ijyb the Twisted Goblin comes into view.
She is wielding a +0 club and carrying a wand of paralysis (6).
Grinder hits you but does no damage.
Unknown command.
You hit Grinder. You tail-slap Grinder!
Grinder is moderately wounded.
Grinder barely misses you.
You hit Grinder.
Grinder is moderately wounded.
Grinder hits you.
You writhe in agony.
Unknown command.
You hit Grinder.
Your tail-slap misses Grinder.
Grinder is heavily wounded.
An endoplasm comes into view.
Grinder hits you!
* * * LOW HITPOINT WARNING * * *
You writhe in agony.
* * * LOW HITPOINT WARNING * * *
Ijyb zaps a wand.
You suddenly lose the ability to move!
Grinder hits you.
You die...

Action                   || total
-------------------------++-------
Melee: Hand axe          ||   130
       Tailslap          ||    12
       Whip              ||     6
 Abil: Rolling Charge    ||     2
 Stab: Sleeping          ||     5
Armor: Robe              ||    52
Dodge: Dodged            ||    83

Levels and vault maps discovered:
D:1:      psy_arrival_whirlpool, layout_loops_ring,
          shapermc_ecumenical_altar_mp_urbaneastern, minivault_25, minivault_24
D:2:      layout_loops_ring
D:3:      layout_basic, minmay_misc_feat_doors, uniq_grinder, uniq_ijyb,
          uniq_sigmund

Notes
Turn   | Place    | Note
-------+----------+-------------------------------------------
     0 | D:1      | sanka the Palentonga Monk began the quest for the Orb.
     0 | D:1      | Reached XP level 1. HP: 19/19 MP: 1/1
   210 | D:1      | Reached XP level 2. HP: 15/25 MP: 2/2
   358 | D:1      | Found a faded altar of an unknown god.
   619 | D:1      | Reached skill level 4 in Axes
   916 | D:1      | Reached XP level 3. HP: 30/31 MP: 3/3
  2333 | D:3      | Noticed Sigmund
  2381 | D:3      | Noticed Grinder
  2386 | D:3      | Noticed Ijyb
  2389 | D:3      | HP: 3/31 [Grinder (6)]
  2389 | D:3      | Paralysed by Ijyb for 4 turns
  2390 | D:3      | Slain by Grinder

Vanquished Creatures
  2 adders (D:2)
  2 dart slugs
  5 endoplasms (D:1)
  6 giant cockroaches
  A goblin (D:1)
  5 hobgoblins
  2 quokkas (D:1)
  5 bats
  2 frilled lizards
  3 kobolds
  6 rats
39 creatures vanquished.
